 Dungeon Crawl Stone Soup version 0.25.1-2-g60ff931df9 (webtiles) character file.

Game seed: 6769527514304834178

20080 raphialitos the Cleaver (level 12, -46/106 HPs)
             Began as a Minotaur Fighter on Oct 11, 2020.
             Was the Champion of Okawaru.
             Annihilated by a death yak simulacrum (58 damage)
             ... on level 2 of the Lair of Beasts on Oct 13, 2020.
             The game lasted 00:35:28 (16018 turns).

raphialitos the Cleaver (Minotaur Fighter)         Turns: 16018, Time: 00:35:30

Health: -46/106    AC: 16    Str: 30    XL:     12   Next: 42%
Magic:  21/21      EV: 15    Int: 14    God:    Okawaru [******]
Gold:   792        SH: 15    Dex: 17    Spells: 3/13 levels left

rFire    + . .     SeeInvis +   E - +7 morningstar "Dorih" {venom, *Slow rElec SInv}
rCold    x . .     Gourm    .   c - +2 kite shield
rNeg     . . .     Faith    .   s - +4 ring mail of Lust {MP+9 Int+5 Slay-4 SInv}
rPois    .         Spirit   .   H - +1 hat
rElec    +         Reflect  .   w - scarf {harm}
rCorr    .         Harm     +   r - +0 pair of gloves
MR       +....                  a - +0 pair of boots "Nutoibe" {Dex+3}
Stlth    ++........             L - amulet "Aretamo" {Acrobat Int+2}
HPRegen  0.27/turn              K - ring of Wishful Thinking {Fire Str+4}
MPRegen  0.17/turn              (no ring)

@: mighty
A: retaliatory headbutt, horns 2, yellow scales 1, agile 1, blink, clever 1,
magic resistance 1, strong 1
a: Blink, Heroism, Finesse, Renounce Religion


You were on level 2 of the Lair of Beasts.
You worshipped Okawaru.
Okawaru was exalted by your worship.
You were not hungry.

You visited 2 branches of the dungeon, and saw 12 of its levels.

You collected 792 gold pieces.

Inventory:

Hand Weapons
 y - a +5 halberd
 E - the +7 morningstar "Dorih" (weapon) {venom, *Slow rElec SInv}
   (You found it on level 9 of the Dungeon)

   It poisons the flesh of those it strikes.
   It insulates you from electricity.
   It lets you see invisible.
   It may slow you when you take damage.
Missiles
 i - 5 datura-tipped darts
 j - 149 sling bullets
 l - 22 boomerangs (quivered)
 m - 30 poisoned darts
 n - 49 bolts
 t - 182 arrows
 F - 2 silver boomerangs
 G - 3 curare-tipped darts
 O - 2 throwing nets
Armour
 a - the +0 pair of boots "Nutoibe" (worn) {Dex+3}
   (Okawaru gifted it to you on level 1 of the Lair of Beasts)

   It affects your dexterity (+3).
 c - a +2 kite shield (worn)
 r - a +0 pair of gloves (worn)
 s - the +4 ring mail of Lust (worn) {MP+9 Int+5 Slay-4 SInv}
   (You found it on level 4 of the Dungeon)

   It affects your intelligence (+5).
   It affects your accuracy and damage with ranged weapons and melee attacks
   (-4).
   It affects your magic capacity (+9).
   It lets you see invisible.
 w - a scarf of harm (worn)
 H - a +1 hat (worn)
Jewellery
 k - an uncursed ring of ice
 K - the ring of Wishful Thinking (left hand) {Fire Str+4}
   (You found it on level 8 of the Dungeon)

   [ring of fire]

   It enhances your fire magic.
   It affects your strength (+4).
   It protects you from fire.
   It makes you vulnerable to cold.
 L - the amulet "Aretamo" (around neck) {Acrobat Int+2}
   (You found it on level 8 of the Dungeon)

   [amulet of the acrobat]

   It helps you evade while moving and waiting.
   It affects your intelligence (+2).
 Q - an uncursed amulet of reflection {unknown}
 R - an uncursed ring of fire {unknown}
Wands
 z - a wand of flame (32)
 A - a wand of random effects (24)
 B - a wand of acid (5)
 M - a wand of polymorph (9)
 N - a wand of disintegration (10)
Scrolls
 e - 6 scrolls of identify
 g - 2 scrolls of amnesia
 h - 10 scrolls of remove curse
 q - 3 scrolls of fear
 x - a scroll of immolation
 I - a scroll of teleportation
 J - 2 scrolls of magic mapping
Potions
 b - a potion of ambrosia
 d - a potion of might
 o - 4 potions of lignification
 u - 2 potions of curing
 v - 3 potions of stabbing
 D - 3 potions of heal wounds
 P - a potion of flight
Miscellaneous
 p - a phial of floods
Comestibles
 f - 15 rations


   Skills:
 + Level 10.3 Fighting
   Level 10.3(12.7) Axes
 + Level 7.8(10.2) Maces & Flails
 + Level 9.9(11.6) Polearms
 + Level 5.2 Throwing
 + Level 9.0 Armour
 + Level 6.6 Dodging
 + Level 3.0 Stealth
 + Level 9.5 Shields
 + Level 1.2 Spellcasting
 + Level 1.2 Translocations


You had 3 spell levels left.
You knew the following spells:

 Your Spells              Type           Power        Failure   Level  Hunger
a - Confusing Touch       Hex            #.......     91%         3    ####...
b - Gell's Gravitas       Tloc           #.........   77%         3    ####...
c - Petrify               Tmut/Erth      #.......     100%        4    #####..

Your spell library contained the following spells:

 Spells                   Type           Power        Failure   Level  Hunger
 Recall                   Summ/Tloc      N/A          86%         3    ####...
 Animate Dead             Necr           N/A          100%        4    #####..
 Borgnjor's Vile Clutch   Necr/Erth      #.........   100%        5    ######.
 Metabolic Englaciation   Hex/Ice        #.........   100%        5    ######.
 Yara's Violent Unravell  Hex/Tmut       #.........   100%        5    ######.
 Death Channel            Necr           #.........   100%        6    #######
 Simulacrum               Ice/Necr       #.........   100%        6    #######


Dungeon Overview and Level Annotations

Branches:
Dungeon (10/15)            Temple (0/1) D:5            Lair (2/6) D:8
    Orc (0/2) D:9
  Swamp: Lair:2-4    Shoals: Lair:2-4     Snake: Lair:2-4    Spider: Lair:2-4

Altars:
Ashenzari
Cheibriados
Dithmenos
Elyvilon
Fedhas
Makhleb
Okawaru
Ru
Yredelemnul

Shops:
D:5 (   D:7 %   D:10 }

Portals:
Trove: D:10 (give +4 shadow dragon scales)

Annotations:
D:10 1 runed translucent door


Innate Abilities, Weirdness & Mutations

You reflexively headbutt those who attack you in melee.
You have a pair of horns on your head.
You are partially covered in yellow scales. (AC +2)
You are agile. (Dex +2)
You can translocate small distances at will.
Your mind is acute. (Int +2)
You are resistant to hostile enchantments. (MR+)
Your muscles are strong. (Str +2)


Message History

Huxoxzufuz's ghost is almost destroyed.
You block the spectral black mamba's attack.
Huxoxzufuz's ghost whispers, "The ORB doesn't exist."
Huxoxzufuz's ghost hits you. Huxoxzufuz's ghost freezes you.
The spectral black mamba misses you.
The spectral dream sheep bites you but does no damage.
You block the death yak simulacrum's attack.
You hit Huxoxzufuz's ghost. You headbutt Huxoxzufuz's ghost!
You destroy Huxoxzufuz's ghost!
Okawaru is honoured by your kill.
Your Stealth skill increases to level 3!
The spectral black mamba bites you but does no damage.
You block the spectral black mamba's attack.
The spectral dream sheep bites you!
* * * LOW HITPOINT WARNING * * *
The death yak simulacrum gores you!
* * * LOW HITPOINT WARNING * * *
The death yak simulacrum freezes you!!!
You feel a terrible chill!
Ouch! That really hurt!
You die...

##..............#..........
##................#.#.......
#.................##........
##......|...#########.......
#..........#.#.#.# ##......
##P........#.)..$# #......
#.........'...[## ###....
##.......Z.Z...!.# ##...
##.........@ZZ..$## ###.
#...........#.....# #.
###P........#.#.#.# ##
#.........####### #P
####.......# ## ####
##....### ###
##..###..#....# #.#
#....###...#### ##.
#.....#...## #..


You could see a spectral black mamba, a spectral death yak, a spectral dream
sheep and a death yak simulacrum.

Vanquished Creatures
  Gastronok (Lair:1)
  Fannar (Lair:1)
  Harold (Lair:1)
  The ghost of Huxoxzufuz the Blocker, a journeyman GnFi of Hepliaklqana (Lair:2)
  A centaur warrior (D:10)
  A two-headed ogre (D:9)
  A spectral death yak (Lair:2)
  3 oklob plants (Lair:1)
  A deep elf mage (D:10)
  Maurice (D:10)
  Joseph (D:7)
  2 spiny frogs (Lair:1)
  A rime drake (Lair:2)
  2 komodo dragons
  A troll (D:7)
  A polar bear (Lair:2)
  A hornet (D:10)
  Prince Ribbit (D:8)
  3 blink frogs (Lair:2)
  2 hippogriffs
  3 hogs (D:10)
  A human (D:10)
  17 yaks
  3 fire bats (Lair:1)
  A fire elemental (Lair:1)
  3 hungry ghosts
  2 water moccasins
  5 porcupines (D:8)
  3 phantoms
  2 orc warriors
  5 black bears
  6 ogres
  A necrophage (D:7)
  3 centaurs
  3 crocodiles
  2 big kobolds (D:4)
  7 bullfrogs
  2 wyvern zombies
  4 scorpions
  3 killer bees (D:9)
  8 wights (D:7)
  An electric eel (Lair:1)
  6 crimson imps
  5 howler monkeys
  4 hounds
  A bullfrog zombie (D:8)
  3 jellies
  2 orc wizards
  2 orc priests
  A centaur skeleton (D:7)
  6 worker ants
  2 hound zombies
  A howler monkey skeleton (D:6)
  11 adders
  A shadow imp (D:8)
  An ooze (D:1)
  3 worms
  2 dart slugs
  6 leopard geckos
  24 orcs
  3 ball pythons
  5 bats
  9 giant cockroaches
  9 goblins
  10 hobgoblins
  13 jackals
  2 quokkas
  5 frilled lizards
  A jackal skeleton (D:7)
  A jackal zombie (D:6)
  42 kobolds
  10 rats
  2 plants (Lair:1)
305 creatures vanquished.

Vanquished Creatures (collateral kills)
  2 gnolls (D:4)
  3 hobgoblins (D:4)
  4 kobolds (D:4)
9 creatures vanquished.

Vanquished Creatures (others)
  21 fungi
  10 plants
31 creatures vanquished.

Grand Total: 345 creatures vanquished

Notes
Turn   | Place    | Note
-------+----------+-------------------------------------------
     0 | D:1      | raphialitos the Minotaur Fighter began the quest for the
                  | Orb.
     0 | D:1      | Reached XP level 1. HP: 19/19 MP: 0/0
    72 | D:1      | Reached XP level 2. HP: 23/27 MP: 1/1
   429 | D:1      | Reached XP level 3. HP: 33/33 MP: 2/2
   927 | D:1      | Gained mutation: Your muscles are strong. (Str +2) [potion
                  | of mutation]
   927 | D:1      | Gained mutation: You have an increased reservoir of magic.
                  | (+10% MP) [potion of mutation]
   928 | D:1      | Lost mutation: Your muscles are strong. (Str +2) [potion of
                  | mutation]
   928 | D:1      | Lost mutation: You have an increased reservoir of magic.
                  | (+10% MP) [potion of mutation]
   928 | D:1      | Gained mutation: You are resistant to hostile enchantments.
                  | (MR+) [potion of mutation]
   928 | D:1      | Gained mutation: You can translocate small distances at
                  | will. [potion of mutation]
   928 | D:1      | Gained mutation: You are frail. (-10% HP) [potion of
                  | mutation]
   928 | D:1      | Gained mutation: You are partially covered in yellow
                  | scales. (AC +2) [potion of mutation]
   929 | D:1      | Lost mutation: You are frail. (-10% HP) [potion of
                  | mutation]
   929 | D:1      | Lost mutation: You are partially covered in yellow scales.
                  | (AC +2) [potion of mutation]
   929 | D:1      | Gained mutation: You are partially covered in yellow
                  | scales. (AC +2) [potion of mutation]
   929 | D:1      | Gained mutation: Your muscles are strong. (Str +2) [potion
                  | of mutation]
   929 | D:1      | Gained mutation: You are agile. (Dex +2) [potion of
                  | mutation]
   929 | D:1      | Gained mutation: Your mind is acute. (Int +2) [potion of
                  | mutation]
  1181 | D:2      | Found a faded altar of an unknown god.
  1751 | D:3      | Reached XP level 4. HP: 40/40 MP: 3/3
  2413 | D:3      | Reached XP level 5. HP: 46/46 MP: 4/4
  2475 | D:3      | Found a sacrificial altar of Ru.
  2657 | D:3      | Reached skill level 1 in Throwing
  3188 | D:4      | Noticed an ogre
  3199 | D:4      | Killed an ogre
  3199 | D:4      | Reached XP level 6. HP: 45/53 MP: 5/5
  3297 | D:4      | Reached skill level 5 in Axes
  3955 | D:4      | Got an obsidian-encrusted ring mail
  3965 | D:4      | Identified the +4 ring mail of Lust {MP+9 Int+5 Slay-4
                  | SInv} (You found it on level 4 of the Dungeon)
  4153 | D:4      | Reached skill level 5 in Armour
  4221 | D:4      | Reached skill level 5 in Shields
  4221 | D:4      | Reached XP level 7. HP: 51/60 MP: 6/6
  4715 | D:5      | Entered Level 5 of the Dungeon
  4724 | D:5      | Noticed a hippogriff
  4742 | D:5      | Killed a hippogriff
  4742 | D:5      | Reached skill level 1 in Dodging
  5038 | D:5      | Reached skill level 5 in Fighting
  5115 | D:5      | Found a basalt altar of Yredelemnul.
  5130 | D:5      | Found a burning altar of Makhleb.
  5143 | D:5      | Found an iron altar of Okawaru.
  5178 | D:5      | Became a worshipper of Warmaster Okawaru
  5431 | D:5      | Found Kinafuz's Weapon Shop.
  5496 | D:5      | Reached XP level 8. HP: 68/68 MP: 7/7
  5569 | D:5      | Found a staircase to the Ecumenical Temple.
  6139 | D:6      | Found a white marble altar of Elyvilon.
  6146 | D:6      | Found a snail-covered altar of Cheibriados.
  6148 | D:6      | Found a shadowy altar of Dithmenos.
  6152 | D:6      | Found a blossoming altar of Fedhas.
  6276 | D:7      | Reached * piety under Okawaru
  6620 | D:7      | Noticed Joseph
  6638 | D:7      | Killed Joseph
  6638 | D:7      | Reached ** piety under Okawaru
  6638 | D:7      | Reached XP level 9. HP: 55/75 MP: 8/8
  6954 | D:7      | Found Etza's Food Emporium.
  6975 | D:7      | Noticed a troll
  6987 | D:7      | Killed a troll
  7263 | D:7      | You fall into a shaft and drop 3 floors!
  7263 | D:10     | Entered Level 10 of the Dungeon
  7445 | D:10     | Noticed Maurice
  7456 | D:10     | Killed Maurice
  7456 | D:10     | Reached skill level 10 in Axes
  7456 | D:10     | Reached skill level 1 in Polearms
  7465 | D:10     | Reached *** piety under Okawaru
  7886 | D:10     | Found a runed translucent door.
  7886 | D:10     | Noticed a yaktaur captain
  7886 | D:10     | Noticed a deep troll
  7886 | D:10     | Noticed a flayed ghost
  7887 | D:10     | Found the +3 crown of Dyrovepreva {rElec Int+2 SInv}
  7888 | D:10     | Noticed a fire giant
  7888 | D:10     | Noticed a stone giant
  7888 | D:10     | Noticed a fire dragon
  7888 | D:10     | Noticed a stone giant
  7888 | D:10     | Noticed a deep elf knight
  7889 | D:10     | Found the +9 heavy crossbow "Sniper" {vorpal, Acc+∞ SInv}
  8115 | D:10     | Noticed a deep elf mage
  8148 | D:10     | Killed a deep elf mage
  8148 | D:10     | Reached XP level 10. HP: 34/86 MP: 9/9
  8526 | D:10     | Reached skill level 1 in Stealth
  8660 | D:10     | Found Tigre's Gadget Boutique.
  8783 | D:10     | Found a portal to a secret trove of treasure.
  8847 | D:10     | Reached **** piety under Okawaru
  8847 | D:10     | Reached skill level 5 in Polearms
  9269 | D:10     | Paralysed by fainting for 8 turns
  9290 | D:10     | Noticed a centaur warrior
  9299 | D:10     | Killed a centaur warrior
  9299 | D:10     | Reached skill level 5 in Dodging
  9559 | D:9      | Noticed a two-headed ogre
  9566 | D:9      | Killed a two-headed ogre
  9566 | D:9      | Reached ***** piety under Okawaru
  9799 | D:9      | Received a gift from Okawaru
 10396 | D:9      | Found a staircase to the Orcish Mines.
 10777 | D:8      | Noticed Prince Ribbit
 10778 | D:8      | Reached XP level 11. HP: 94/95 MP: 10/10
 10786 | D:8      | Found a shattered altar of Ashenzari.
 10802 | D:8      | Killed Prince Ribbit
 10988 | D:8      | Found a staircase to the Lair.
 11395 | D:8      | Got a vibrating granite ring
 11401 | D:8      | Got a vibrating lead amulet
 11566 | D:8      | Identified the ring of Wishful Thinking {Fire Str+4} (You
                  | found it on level 8 of the Dungeon)
 11567 | D:8      | Identified the amulet "Aretamo" {Acrobat Int+2} (You found
                  | it on level 8 of the Dungeon)
 11620 | D:9      | Got an ancient morningstar
 11620 | D:9      | Identified the +7 morningstar "Dorih" {venom, *Slow rElec
                  | SInv} (You found it on level 9 of the Dungeon)
 11769 | Lair:1   | Entered Level 1 of the Lair of Beasts
 11782 | Lair:1   | Received a gift from Okawaru
 11786 | Lair:1   | Got a pair of slimy boots {god gift}
 11791 | Lair:1   | Identified the +0 pair of boots "Nutoibe" {Dex+3} (Okawaru
                  | gifted it to you on level 1 of the Lair of Beasts)
 11797 | Lair:1   | Learned a level 3 spell: Confusing Touch
 11801 | Lair:1   | Learned a level 3 spell: Gell's Gravitas
 11919 | Lair:1   | Noticed Fannar
 11936 | Lair:1   | Killed Fannar
 11936 | Lair:1   | Reached skill level 1 in Maces & Flails
 11976 | Lair:1   | Noticed Gastronok
 11992 | Lair:1   | Killed Gastronok
 12419 | Lair:1   | Noticed Harold
 12431 | Lair:1   | Killed Harold
 12431 | Lair:1   | Reached skill level 5 in Maces & Flails
 12929 | Lair:1   | Reached skill level 1 in Translocations
 12997 | Lair:1   | Noticed an oklob plant
 13379 | Lair:1   | Noticed an oklob plant
 13379 | Lair:1   | Noticed an oklob plant
 13402 | Lair:1   | Killed an oklob plant
 13402 | Lair:1   | Reached skill level 10 in Fighting
 13792 | Lair:1   | Killed an oklob plant
 14270 | Lair:1   | Killed an oklob plant
 14270 | Lair:1   | Reached ****** piety under Okawaru
 14270 | Lair:1   | Received a gift from Okawaru
 14270 | Lair:1   | Reached XP level 12. HP: 58/106 MP: 11/11
 14650 | Lair:2   | Reached skill level 5 in Throwing
 14819 | Lair:2   | Learned a level 4 spell: Petrify
 15115 | Lair:2   | Found a runed translucent gate.
 15116 | Lair:2   | Found a runed translucent gate.
 15117 | Lair:2   | Found a runed translucent gate.
 15132 | Lair:2   | Reached skill level 1 in Spellcasting
 15995 | Lair:2   | Noticed Huxoxzufuz's ghost (journeyman GnFi)
 16018 | Lair:2   | Killed Huxoxzufuz's ghost
 16018 | Lair:2   | Annihilated by a death yak simulacrum

Illustrated notes

Levels and vault maps discovered:
D:1:      minmay_arrival_checkered_box, layout_loops_ring, minmay_tall_x
D:2:      layout_basic, serial_glass, glass_columns_b, glass_columns_b,
          glass_columns_a, glass_columns_b, glass_columns_a, glass_columns_a,
          glass_columns_a, glass_columns_a, glass_columns_a, glass_columns_b,
          glass_columns_c, glass_columns_a, glass_columns_b, glass_columns_a,
          chequers_ecumenical_altar_simple_redux, first_ration
D:3:      minmay_octagon_keep, layout_loops_ring,
          nicolae_ru_the_path_less_chosen, minivault_27
D:4:      minmay_goblin_kobold_castle, layout_basic, guppyfry_early_lair_pool
D:5:      layout_loops_ring, minmay_overflow_temple_star_quad,
          minmay_temple_entry_antechambers, serial_shops, kennysheep_mini
D:6:      layout_basic, minitemple, hex_tiny
D:7:      layout_cave_pools, enter_bailey_8, serial_shops, shop,
          nicolae_zen_rock_garden, uniq_joseph
D:8:      layout_rooms, kennysheep_mini_moat, due_lair_maze_entry_diamond,
          uniq_prince_ribbit1
D:9:      layout_loops_ring, orc_0_dummy
D:10:     minmay_gate_of_8, layout_basic, serial_shops, shop,
          nicolae_trove_entry_crystal, solitary_fountain, grunt_livestock,
          minmay_misc_feat_rows, uniq_maurice
Lair:1:   layout_gridlike, enter_volcano_2, minmay_lair_oklob_chamber,
          serial_bayou_shore_a, uniq_harold, uniq_gastronok, uniq_fannar
Lair:2:   layout_cave_pods, gammafunk_ghost_necromancy,
          chequers_serial_rivers_room_a, serial_bayou_pond_d

Skill      XL: |  1  2  3  4  5  6  7  8  9 10 11 12 |
---------------+-------------------------------------+-----
Fighting       | 4 5 7 8 10 | 10.3
Armour         | 4 5 6 7 8 9 |  9.0
Shields        | 4 5 6 7 8 9 |  9.5
Axes           | 3 4 5 6 8 10 | 10.3
Throwing       | 2 3 4 5 |  5.2
Dodging        | 1 3 4 5 6 |  6.6
Polearms       | 3 8 9 |  9.9
Stealth        | 1 2 3 |  3.0
Maces & Flails | 6 7 |  7.8
Translocations | 1 |  1.2
Spellcasting   | 1 |  1.2

Action                   |  1- 3 |  4- 6 |  7- 9 | 10-12 || total
-------------------------+-------+-------+-------+-------++-------
Melee: War axe           |    99 |   171 |   238 |       ||   508
       Headbutt          |    11 |    26 |    52 |    79 ||   168
       Halberd           |       |       |    82 |   211 ||   293
       Morningstar       |       |       |       |   152 ||   152
Throw: Dart              |       |    44 |     4 |    11 ||    59
       Boomerang         |       |       |    25 |    45 ||    70
 Cast: Gell's Gravitas   |       |       |       |     2 ||     2
 Abil: Blink             |       |     3 |       |       ||     3
  Use: Scroll            |     8 |     2 |     5 |     8 ||    23
       Potion            |     3 |       |     1 |     3 ||     7
 Stab: Sleeping          |       |       |       |     1 ||     1
  Eat: Chunk             |     3 |     8 |    13 |    17 ||    41
       Ration            |       |       |       |     4 ||     4
Armor: Scale mail        |    11 |       |       |       ||    11
       Plate armour      |    58 |    83 |       |       ||   141
       Ring mail         |       |    16 |   152 |   116 ||   284
Dodge: Dodged            |    20 |    53 |   146 |   204 ||   423
Block: Kite shield       |    52 |   130 |   174 |   117 ||   473
